 Dungeon Crawl Stone Soup version 0.30-a0-187-gd9c2deaf24 (webtiles) character file.

Game seed: 1393393374308326260

14119 Flugkiller the Nimble (level 11, -3/86 HPs)
             Began as a Mummy Delver on Oct 3, 2022.
             Was an Initiate of Yredelemnul.
             Slain by a hell beast (14 damage)
             ... in a Gauntlet.
             The game lasted 00:20:22 (10713 turns).

Flugkiller the Nimble (Mummy Delver)               Turns: 10713, Time: 00:20:23

Health: -3/86      AC:  7    Str: 21    XL:     11   Next: 84%
Magic:  17/17      EV: 17    Int: 13    God:    Yredelemnul [......]
Gold:   565        SH:  0    Dex: 18    Spells: 10/10 levels left

rFire   . . .      SeeInvis .    s - +6 great sword (vamp)
rCold   + . .      Faith    +    (shield currently unavailable)
rNeg    + + +      Spirit   .    K - +1 robe "Lekun" {rN+ Slay+3}
rPois   ∞          Reflect  .    w - +2 helmet
rElec   .          Harm     .    N - +0 cloak of Wiuz {Str+5}
rCorr   +          Rampage  .    (no gloves)
Will    +....      NoTele   +    (no boots)
Stlth   ++........               j - amulet of magic regeneration
HPRegen 0.34/turn                b - ring of fire
MPRegen 0.55/turn                x - ring "Deczonol" {rC+ rCorr Int+4 Stlth-}

@: no status effects
A: cold resistance 1, negative energy resistance 3, torment resistance 2, heat
vulnerability 1, in touch with death 1, no potions, faith
a: Renounce Religion, Recall Undead Harvest


You were in a Gauntlet.
You worshipped Yredelemnul.
Yredelemnul was aware of your devotion.
You visited 1 branch of the dungeon, and saw 11 of its levels.
You also visited: Ossuary, Bailey and Gauntlet.

You collected 670 gold pieces.
You spent 105 gold pieces at shops.

Inventory:

Hand Weapons
 a - a +0 spear
 p - a +2 whip of electrocution
   (You took it off a kobold on level 2 of the Dungeon)
 q - a +0 flail
   (You found it on level 3 of the Dungeon)
 s - a +6 vampiric great sword (weapon)
   (You took it off an orc priest on level 3 of the Dungeon)
 u - a +3 whip
   (You took it off an orc on level 4 of the Dungeon)
 G - a +5 antimagic scimitar
   (You took it off a spriggan in a bailey)
 I - a +5 dagger
   (You took it off an orc wizard on level 6 of the Dungeon)
Missiles
 d - 2 curare-tipped darts (quivered)
 o - 28 poisoned darts
Armour
 m - a +2 robe of positive energy
   (You took it off Sigmund on level 6 of the Dungeon)
 w - a +2 helmet (worn)
   (You found it on level 5 of the Dungeon)
 D - a scarf of invisibility
   (You found it on level 8 of the Dungeon)
 K - the +1 robe "Lekun" (worn) {rN+ Slay+3}
   (You found it on level 9 of the Dungeon)

   Slay:      It affects your accuracy & damage with ranged weapons and melee
   (+3).
   rN:        It protects you from negative energy.
 N - the +0 cloak of Wiuz (worn) {Str+5}
   (You found it in a Gauntlet)

   Str:       It affects your strength (+5).
 O - the -2 helmet of Weuj {Will+}
   (You found it in a Gauntlet)

   Will:      It increases your willpower.
Magical Staves
 A - a staff of death
   (You found it on level 6 of the Dungeon)
Jewellery
 b - a ring of fire (left hand)
   (You found it on level 8 of the Dungeon)
 h - a ring of resist corrosion
   (You found it on level 4 of the Dungeon)
 j - an amulet of magic regeneration (around neck)
   (You found it on level 1 of the Dungeon)
 n - a ring of magical power
   (You found it on level 1 of the Dungeon)
 x - the ring "Deczonol" (right hand) {rC+ rCorr Int+4 Stlth-}
   (You found it on level 6 of the Dungeon)

   [ring of resist corrosion]

   Int:       It affects your intelligence (+4).
   rC:        It protects you from cold.
   rCorr:     It protects you from acid and corrosion.
   Stlth:     It makes you less stealthy.
 C - a +6 ring of intelligence
   (You found it on level 7 of the Dungeon)
Wands
 e - a wand of iceblast (4)
   (You found it on level 8 of the Dungeon)
 f - a wand of digging (9)
 i - a wand of polymorph (7)
   (You took it off an orc on level 8 of the Dungeon)
 v - a wand of flame (25)
   (You took it off a kobold on level 4 of the Dungeon)
 L - a wand of mindburst (4)
   (You found it on level 10 of the Dungeon)
 M - a wand of charming (5)
   (You found it on level 10 of the Dungeon)
Scrolls
 c - a scroll of fog
 g - a scroll of poison
 k - a scroll of silence
 l - 7 scrolls of immolation
 r - 3 scrolls of identify
 t - 8 scrolls of teleportation
 y - 2 scrolls of vulnerability
 z - a scroll of blinking
 B - a scroll of amnesia
 E - a scroll of brand weapon
 F - a scroll of butterflies
 H - a scroll of fear
 J - 2 scrolls of enchant armour


   Skills:
 - Level 8.0 Fighting
 - Level 8.0 Long Blades
 - Level 3.2 Polearms
 - Level 9.0 Dodging
 - Level 4.2 Stealth
 + Level 8.5 Invocations
 - Level 4.0 Evocations


You had 10 spell levels left.
You didn't know any spells.
Your spell library contained the following spells:

 Spells                   Type           Power      Damage    Failure   Level
 Dazzling Flash           Conj/Hex       0%         N/A       67%         3
 Kindle Blastsparks       Fire/Tloc/Air  0%         2d10      67%         3
 Animate Armour           Summ/Erth      0%         N/A       97%         4
 Fulminant Prism          Conj/Hex       0%         3d6       97%         4
 Iskenderun's Mystic Bla  Conj/Tloc      0%         2d3       97%         4
 Agony                    Necr           0%         N/A       100%        5
 Lee's Rapid Deconstruct  Erth           0%         3d5*      100%        5
 Silence                  Hex/Air        0%         N/A       100%        5
 Wereblood                Tmut           Unusable   N/A       N/A         2
 Spider Form              Tmut/Pois      Unusable   N/A       N/A         3

Dungeon Overview and Level Annotations

Branches:
Dungeon (11/15) Zot: 26758  Temple (0/1) D:5            Lair (0/5) D:11
    Orc (0/2) D:10        Ossuary (visited)          Bailey (visited)
Gauntlet (1/1) Zot: 5309

Altars:
Dithmenos
Kikubaaqudgha
Makhleb
Nemelex Xobeh
Okawaru
Uskayaw
Xom
Yredelemnul

Shops:
D:6 ?   D:7 !   D:8 *

Annotations:
D:3 exclusions: ogre and rat
D:7 2 transporters Gauntlet 5 transporters


Innate Abilities, Weirdness & Mutations

You are immune to poison.
Your flesh is cold resistant. (rC+)
You are immune to negative energy. (rN+++)
You are immune to unholy pain and torment.
You are vulnerable to heat. (rF-)
You are in touch with the powers of death.
You do not drink.
You have a special connection with the divine. (Faith)


Message History

There is a transporter here.
There is a transporter landing site here.
There is a transporter landing site here.
There is a transporter here.
There is a transporter here.
You enter the transporter and appear at another place.
The fire bat misses you. The fire bat attacks as you move away!
The fire bat bites you but does no damage.
The fire bat closely misses you. The fire bat attacks as you move away!
The fire bat closely misses you. The fire bat barely misses you.
The fire bat bites you.
You are engulfed in flames!
The fire bat barely misses you.
You completely miss the fire bat. The fire bat barely misses you.
The fire bat bites you but does no damage.
The fire bat misses you. The fire bat bites you.
You are engulfed in flames!
The fire bat barely misses you.
You slash the fire bat!
You feel better.
The fire bat is moderately wounded.
The fire bat misses you. The fire bat barely misses you.
The fire bat bites you but does no damage.
The fire crab breathes flames at you. The blast of flame engulfs you.
You are engulfed in blazing flames.
The fire bat barely misses you.
There is a transporter, spattered with blood here.
You enter the transporter and appear at another place.
You start resting.
The hell hound barks!
The hell hound pauses to sniff the ground.
HP restored.
Unknown command.
There is a transporter here.
You enter the transporter and appear at another place.
The hell hound bites you.
The hell hound attacks as you move away!
The hell hound bites you. The hell hound barely misses you.
You see here the -2 helmet of Weuj {Will+}.
O - the -2 helmet of Weuj {Will+} The hell hound misses you.
The hell hound bites you but does no damage.
The hell hound misses you.
The hell hound attacks as you move away!
The hell hound bites you.
There is a transporter here.
You enter the transporter and appear at another place.
The hell hound closely misses you. The hell hound bites you!
You slash the hell hound!
The hell hound is heavily wounded.
The hell hound misses you. The hell hound barely misses you.
You barely miss the hell hound.
The hell hound is moderately wounded.
The hell hound barely misses you. The hell hound breathes flames at you.
The blast of flame hits you!
You hit the hell hound.
The hell hound is heavily wounded.
The hell hound completely misses you. The hell hound barely misses you.
The hell beast bleats!
You slash the hell hound!
You kill the hell hound!
The dead are walking!
No reachable target in view!
You start resting.
The hell hog squeals angrily.
The hell beast gurgles, "Face thy fugue, thou foisting desiccated clothbag!"
HP restored.
There is a transporter here.
You enter the transporter and appear at another place.
The hell beast fails to trigger a net trap.
You barely miss the hell beast. The hell beast barely misses you.
The hell beast tramples you.
You stumble backwards!
You enter a dispersal trap!
Your hell hound zombie blinks! x2
The hell beast blinks!
Your hell hound zombie blinks!
You blink.
The hell beast enters a dispersal trap!
You blink.
The hell beast blinks!
You slice the hell beast!!
The hell beast is moderately wounded.
The hell beast closely misses you. The hell beast tramples you.
You stumble backwards!
The hell beast misses you. The hell beast completely misses you.
You completely miss the hell beast.
The hell beast is moderately wounded.
The hell beast bites you! The hell beast tramples you!
You hold your ground!
Your hell hound zombie closely misses the hell beast.
The hell beast misses you.
The hell beast tramples you but does no damage.
Your hell hound zombie bites the hell beast.
You slice the hell beast!!
The hell beast is heavily wounded.
The hell beast bites you! The hell beast tramples you!
* * * LOW HITPOINT WARNING * * *
You hold your ground!
Your hell hound zombie closely misses the hell beast.
The hell beast bites you!
* * * LOW HITPOINT WARNING * * *
The hell beast tramples you!
You die...
Yredelemnul claims you as an undead slave.

# ### ### ### ### ### ### ##
###≈###≈###≈###≈###≈###≈###≈##
≈#≈≈≈#≈≈≈#≈≈≈#≈≈≈#≈≈≈#≈≈≈#≈≈≈#
...........................≈#
...#########...#########...##
.8.#......b#.8.#@......#...≈##
...#.####.h#...#2###.#.#...≈≈#
####h#.b.#b#####Z.#.^.[#...≈##
©.©#b#.©.#b#©.©##.#©#.©#...##
...#b#...#b#...##.^.#..#...≈##
...#..####?#...###.###$#...≈≈#
8©8#.......#8©8#.......#...≈##
########################...##
...........................≈#


You could see a hell beast (ally target), a hell hog, 4 fire bats and a friendly
hell hound zombie.

Vanquished Creatures
  5 two-headed ogres
  A boulder beetle (D:11)
  3 trolls
  Prince Ribbit (D:8)
  Grinder (D:3)
  4 centaur simulacra (Gauntlet)
  3 spriggans (Bailey)
  2 shadows
  Sigmund (D:6)
  A wraith (D:10)
  A basilisk (D:8)
  A steam dragon (D:7)
  8 yaks
  A neqoxec (Gauntlet)
  2 chaos spawn (Gauntlet)
  2 acid dragons
  2 water moccasins
  A hell hound (Gauntlet)
  3 ice beasts
  4 sky beasts
  An orc warrior (D:10)
  4 ogres
  A centaur (D:8)
  An elf zombie (Ossuary)
  A phantom (D:6)
  3 kobold brigands
  2 bullfrogs
  A gnoll sergeant (D:9)
  3 scorpions
  4 wights
  3 killer bees
  2 howler monkeys (D:9)
  3 electric eels (D:7)
  A wyvern simulacrum (Gauntlet)
  2 human zombies (Ossuary)
  A centaur zombie (Ossuary)
  8 orc priests
  3 hounds
  2 jellies (D:5)
  Jessica (D:2)
  6 orc wizards
  2 mummies (Ossuary)
  5 gnolls
  7 adders
  An ufetubus (D:6)
  A dart slug (D:3)
  23 orcs
  4 bats
  4 endoplasms
  A giant cockroach (D:4)
  6 goblins
  4 hobgoblins
  15 kobolds
  6 quokkas
  4 ball pythons
  5 frilled lizards
  11 hobgoblin zombies (Ossuary)
  3 jackal zombies (Ossuary)
  11 kobold zombies (Ossuary)
  7 orc zombies (Ossuary)
  3 rats
  A rat zombie (Ossuary)
224 creatures vanquished.

Vanquished Creatures (collateral kills)
  A hornet (D:9)
  3 spriggans (Bailey)
  A shadow (D:10)
  4 yaks (D:10)
  2 steam dragons
  A bullfrog (D:9)
  A wight (D:9)
  2 killer bees (D:9)
  2 howler monkeys
  2 orc priests
  A gnoll bouda (D:6)
  3 orc wizards
  7 gnolls
  A white imp (D:6)
  2 worms
  12 orcs
  A giant cockroach (D:4)
  6 kobolds
  A quokka (D:1)
  A frilled lizard (D:2)
  A goblin (D:1)
55 creatures vanquished.

Vanquished Creatures (others)
  A spectral neqoxec (Gauntlet)
  A spectral chaos spawn (Gauntlet)
  A water moccasin zombie (D:8)
  A spriggan zombie (Bailey)
  A yak zombie (D:10)
  A basilisk zombie (D:8)
  A scorpion zombie (D:7)
  An ogre zombie (Bailey)
  An ice beast zombie (D:7)
  A killer bee zombie (D:10)
  A sky beast zombie (D:8)
  A hound zombie (D:3)
  A human zombie (D:6)
  A jelly zombie (D:5)
  2 adder zombies (D:5)
  A bat zombie (D:1)
  2 gnoll zombies (D:7)
  A dart slug zombie (D:3)
  A frilled lizard zombie (D:2)
  A hobgoblin zombie (D:2)
  A kobold zombie (D:7)
  8 orc zombies
  A quokka zombie (D:3)
  A rat zombie (D:1)
  A spectral ufetubus (D:6)
  9 fungi
  27 plants
70 creatures vanquished.

Grand Total: 349 creatures vanquished

Notes
Turn   | Place    | Note
-------+----------+-------------------------------------------
     0 | D:5      | Flugkiller the Mummy Delver began the quest for the Orb.
     0 | D:5      | Reached XP level 1. HP: 18/18 MP: 1/1
    17 | D:5      | Noticed a jelly
   101 | D:4      | Found a shadowy altar of Dithmenos.
   225 | D:3      | Noticed an orc priest
   225 | D:3      | Noticed an orc wizard
   226 | D:3      | Noticed a hound
   264 | D:2      | Reached XP level 2. HP: 19/24 MP: 2/2
   648 | D:1      | Found a faded altar of an unknown god.
   651 | D:1      | Prayed at the altar of an unknown god.
   651 | D:1      | Became a worshipper of Yredelemnul the Dark
   651 | D:1      | Reached * piety under Yredelemnul
   687 | D:1      | Got the Excursus on Beckoning and Transmigration
   864 | D:1      | Gained mutation: You are in touch with the powers of death.
                  | [Mummy growth]
   864 | D:1      | Reached XP level 3. HP: 14/29 MP: 3/3
  1243 | D:2      | Reached XP level 4. HP: 16/35 MP: 4/4
  1320 | D:2      | Noticed Jessica
  1327 | D:2      | Killed Jessica
  1328 | D:2      | Reached skill level 1 in Invocations
  1461 | D:2      | Reached ** piety under Yredelemnul
  1593 | D:3      | Noticed Grinder
  1622 | D:3      | Found a shimmering altar of Xom.
  2002 | D:3      | Noticed an ogre
  2370 | D:3      | Reached XP level 5. HP: 27/42 MP: 6/6
  2500 | D:3      | Found a sparkling altar of Nemelex Xobeh.
  2556 | D:3      | Killed Grinder
  2557 | D:3      | Reached skill level 3 in Dodging
  2557 | D:3      | Reached XP level 6. HP: 14/48 MP: 6/8
  3281 | D:5      | Reached skill level 4 in Dodging
  3364 | D:5      | Reached XP level 7. HP: 42/54 MP: 9/9
  3720 | D:5      | Reached skill level 1 in Long Blades
  3772 | D:5      | Found a staircase to the Ecumenical Temple.
  4167 | D:6      | Noticed a troll
  4195 | D:6      | Noticed Sigmund
  4199 | D:6      | Killed Sigmund
  4223 | D:6      | Killed a troll
  4224 | D:6      | Reached skill level 5 in Invocations
  4224 | D:6      | Reached XP level 8. HP: 46/60 MP: 11/11
  4284 | D:6      | Your ally Sigmund died
  4357 | D:6      | Found Qicric Zuso's Magic Scroll Boutique.
  4428 | D:6      | Reached skill level 5 in Fighting
  4448 | D:6      | Reached *** piety under Yredelemnul
  4463 | D:6      | Identified the ring "Deczonol" {rC+ rCorr Int+4 Stlth-}
  5027 | D:7      | Noticed a kobold demonologist
  5339 | D:7      | Reached skill level 5 in Dodging
  5664 | D:7      | Reached XP level 9. HP: 49/69 MP: 12/12
  5777 | D:7      | Found a transporter.
  5778 | D:7      | Noticed an orc sorcerer
  5798 | D:7      | Reached skill level 5 in Long Blades
  5845 | D:7      | Found Egiplaps's Distillery.
  5943 | D:7      | Noticed a troll
  6224 | D:7      | Found a transporter.
  6256 | D:7      | HP: 3/69 [something (21)]
  6502 | D:7      | Killed a troll
  7048 | D:6      | Bought a scroll of enchant weapon for 105 gold pieces
  7088 | D:8      | Noticed a two-headed ogre
  7092 | D:8      | Killed a two-headed ogre
  7093 | D:8      | Reached skill level 6 in Dodging
  7111 | D:8      | Noticed a two-headed ogre
  7122 | D:8      | Killed a two-headed ogre
  7123 | D:8      | Reached XP level 10. HP: 58/76 MP: 13/13
  7128 | D:8      | Noticed Prince Ribbit
  7144 | D:8      | Found a sand-covered staircase.
  7158 | Ossuary  | Entered an ossuary
  7386 | D:8      | Found Zin's Purification Station.
  7447 | D:8      | Found a flagged portal.
  7458 | Bailey   | Entered a bailey
  7519 | Bailey   | Reached skill level 7 in Dodging
  7567 | Bailey   | HP: 2/76 [spriggan/+0 trident (11)]
  7841 | Bailey   | Noticed a two-headed ogre
  7850 | Bailey   | Killed a two-headed ogre
  7971 | D:8      | Reached skill level 1 in Evocations
  8139 | D:8      | Killed Prince Ribbit
  8360 | D:8      | Reached **** piety under Yredelemnul
  8503 | D:9      | Reached XP level 11. HP: 86/86 MP: 14/14
  8514 | D:9      | Reached skill level 8 in Dodging
  8618 | D:9      | Found a hide-covered altar of Uskayaw.
  8618 | D:9      | Found an iron altar of Okawaru.
  8624 | D:9      | Found a burning altar of Makhleb.
  8624 | D:9      | Found an ancient bone altar of Kikubaaqudgha.
  8712 | D:9      | Identified the +1 robe "Lekun" {rN+ Slay+3}
  8874 | D:9      | Reached ***** piety under Yredelemnul
  9103 | D:10     | Entered Level 10 of the Dungeon
  9158 | D:10     | Noticed a two-headed ogre
  9165 | D:10     | Killed a two-headed ogre
  9273 | D:10     | Found a staircase to the Orcish Mines.
  9567 | D:10     | Noticed a two-headed ogre
  9585 | D:10     | Killed a two-headed ogre
  9586 | D:10     | Reached skill level 9 in Dodging
  9594 | D:10     | Reached ****** piety under Yredelemnul
  9821 | D:11     | Noticed a boulder beetle
  9827 | D:11     | Killed a boulder beetle
 10025 | D:11     | Found a gate leading to a gauntlet.
 10031 | Gauntlet | Entered a Gauntlet
 10031 | Gauntlet | Found a transporter.
 10040 | Gauntlet | Found a transporter.
 10043 | Gauntlet | Found a transporter.
 10044 | Gauntlet | Found a transporter.
 10053 | Gauntlet | Found a transporter.
 10055 | Gauntlet | Found a transporter.
 10056 | Gauntlet | Found a transporter.
 10060 | Gauntlet | Noticed a fire crab
 10068 | Gauntlet | Found a transporter.
 10069 | Gauntlet | Found a transporter.
 10069 | Gauntlet | Found a transporter.
 10079 | Gauntlet | Noticed a hell hog
 10081 | Gauntlet | Found a transporter.
 10081 | Gauntlet | Found a transporter.
 10082 | Gauntlet | Found a transporter.
 10090 | Gauntlet | Found a transporter.
 10090 | Gauntlet | Noticed a hell beast
 10460 | Gauntlet | Identified the +0 cloak of Wiuz {Str+5}
 10607 | Gauntlet | Identified the -2 helmet of Weuj {Will+}
 10713 | Gauntlet | Slain by a hell beast

Illustrated notes

Levels and vault maps discovered:
D:1:      ncdulo_lavacross, layout_basic,
          shapermc_ecumenical_altar_mp_urbaneastern
D:2:      layout_rooms, minmay_heptomino_d4, uniq_jessica
D:3:      layout_loops_ring, mainiacjoe_overflow_brackets,
          mainiacjoe_overflow_chevrons, minmay_misc_feat_alley, uniq_grinder
D:4:      layout_rooms, grunt_dithmenos_smoke_and_mirrors
D:5:      layout_gridville, minmay_temple_entry_glassed_door,
          cheibrodos_sewer_entry_bend, kennysheep_generic_room_11
D:6:      layout_loops_ring, serial_shops,
          nicolae_shop_temple_entry_statues_fountains, uniq_sigmund
D:7:      gammafunk_wand_slinger, layout_basic, st_stairs_11,
          chequers_big_river, nicolae_inconvenience_store, grunt_ministairs_14
D:8:      hangedman_cross_stitches, layout_rooms, zin_purify, enter_bailey_3,
          lightli_ossuary_entry_decrepit_ruins, uniq_prince_ribbit1
D:9:      layout_irregular_city, grunt_temple_overflow_open
D:10:     layout_roguey, orc_0_dummy, minmay_quadrilaterals
D:11:     layout_cave_pods, david_lair_shrubbed, gauntlet_entry_generic
Gauntlet: gammafunk_gauntlet_77_escape_option
          [minmay_gauntlet_arena_77_radiant_squares,
          minmay_gauntlet_arena_77_mess, minmay_gauntlet_arena_77_braids,
          minmay_gauntlet_arena_77_box, minmay_gauntlet_arena_77_broken_ladder,
          nicolae_gauntlet_exit_dead_adventurers]

Skill      XL: |  1  2  3  4  5  6  7  8  9 10 11 |
---------------+----------------------------------+-----
Polearms       | 2 3 |  3.2
Invocations    | 1 3 5 8 |  8.5
Fighting       | 4 6 8 |  8.0
Dodging        | 3 4 5 6 7 9 |  9.0
Long Blades    | 3 4 7 8 |  8.0
Evocations     | 3 4 |  4.0
Stealth        | |  4.2

Action                   |  1- 3 |  4- 6 |  7- 9 | 10-12 || total
-------------------------+-------+-------+-------+-------++-------
Melee: Spear             |    82 |       |       |       ||    82
       Whip              |     3 |   116 |    74 |       ||   193
       Punch             |       |     2 |     4 |       ||     6
       Dagger            |       |       |    41 |       ||    41
       Great sword       |       |       |    75 |   328 ||   403
Throw: Dart              |       |       |    14 |    14 ||    28
Invok: Dark Bargain      |       |     1 |       |       ||     1
       Recall Undead Har |       |       |     2 |       ||     2
Evoke: Wand              |     1 |       |    12 |     6 ||    19
  Use: Scroll            |     3 |     8 |    10 |     5 ||    26
 Stab: Sleeping          |     8 |     3 |     4 |     5 ||    20
       Distracted        |     1 |     1 |     1 |     3 ||     6
Armor: Leather armour    |    11 |    19 |    17 |       ||    47
       Robe              |       |       |    26 |   141 ||   167
Dodge: Dodged            |    27 |    59 |   150 |   485 ||   721

Table legend: (Time is in decaauts)
 A = Elapsed time spent in this place.
 B = Non-inter-level travel time spent in this place.
 C = Inter-level travel time spent in this place.
 D = Time resting spent in this place.
 E = Time spent auto-exploring this place.
 F = Levels seen in this place.
 G = Mean time per level.
                   A        B        C        D        E       F      G
               +--------+--------+--------+--------+--------+-----+--------+
         Total |  10887 |  10414 |    473 |   2488 |   4750 |  14 |  777.6 |
       Dungeon |   9489 |   9016 |    473 |   1787 |   4569 |  11 |  862.6 |
       Ossuary |    206 |    206 |      0 |      0 |     35 |   1 |  206.0 |
        Bailey |    501 |    501 |      0 |    267 |     25 |   1 |  501.0 |
      Gauntlet |    689 |    689 |      0 |    434 |    120 |   1 |  689.0 |
               +--------+--------+--------+--------+--------+-----+--------+

Top non-repeatable levels by time:
     D:7: 1830 daAuts
     D:3: 1274 daAuts
     D:6: 1227 daAuts
     D:5: 842 daAuts
     D:1: 771 daAuts
     D:8: 747 daAuts
    D:10: 707 daAuts
     D:2: 697 daAuts
Gauntlet: 689 daAuts
     D:9: 645 daAuts
     D:4: 504 daAuts
  Bailey: 501 daAuts
    D:11: 241 daAuts
 Ossuary: 206 daAuts
